AoeStats
← joaqo9909

MegaRandom

510369576Analyzed
4v4 RM · 2d ago on Sep 30, 2026· 62m 12s· 8 players
Game mode
Random Map
Map size
Large (8 player)
Population
200
Speed
Normal
Resources
Standard
Victory
Conquest
Starting age
Dark Age
Ending age
Imperial Age
RankedLock teamsTeams togetherTeam positionsShared explorationLock speedFull tech treeHidden civsTurbo modeCheats
Victory
Defeat
🇦🇷 Poles · Argentina
955
+14
🇨🇦 Gurjaras · Canada
926
+15
🇨🇿 Franks · Czechia
875
+17
🇹🇷 Mongols · Türkiye
874
+17
🇨🇿 Burgundians · Czechia
920
-16
🇮🇹 Danes · Italy
914
-16
🇬🇧 Japanese · United Kingdom
903
-16
🇱🇺 Saxons · Luxembourg
893
-15
Charming K
11:05 Feudal Age
18:34 Castle Age
20:28 Double-Bit Axe
22:08 Fishing Lines
22:57 Bow Saw
23:11 Gillnets
26:24 Fervor
27:42 Squires
28:02 Gambesons
29:34 Hamask
30:08 Gold Mining
33:57 Imperial Age
35:15 Conscription
35:28 Forging
36:24 Chemistry
36:36 Wheelbarrow
36:36 Pikeman
37:55 Murder Holes
37:35 Halberdier
38:39 Hand Cart
38:30 Arson
38:13 Onager
39:17 Northmen's Fury
39:36 Siege Onager
42:31 Iron Casting
42:49 Loom
46:24 Siege Engineers
46:32 Elite Varangian Guard
MS2GUD1068
12:43 Feudal Age
16:02 Loom
20:16 Castle Age
19:18 Man-at-Arms
19:44 Arson
21:02 Forging
20:52 Scale Mail Armor
22:12 Long Swordsman
24:05 Gambesons
26:48 Squires
27:54 Wheelbarrow
29:18 Iron Casting
28:58 Chain Mail Armor
29:39 Chain Mail Armor
29:54 Double-Bit Axe
29:57 Horse Collar
35:31 Hand Cart
35:01 Town Watch
35:29 Heavy Plow
35:22 Gold Mining
35:25 Stone Mining
37:43 Bow Saw
49:32 Town Patrol
53:09 Imperial Age
53:14 Two-Handed Swordsman
54:50 Conscription
54:38 Champion
58:40 Plate Mail Armor
59:10 Blast Furnace
CaukyMnauky
11:07 Feudal Age
11:30 Horse Collar
11:40 Double-Bit Axe
12:28 Heavy Plow
14:58 Bow Saw
21:20 Castle Age
19:46 Stone Mining
21:03 Stone Shaft Mining
20:21 Gold Mining
22:32 Gold Shaft Mining
23:23 Two-Man Saw
25:01 Loom
25:51 Wheelbarrow
30:37 Imperial Age
30:54 Hand Cart
30:26 Town Watch
30:50 Scale Barding Armor
30:46 Scale Mail Armor
30:56 Forging
32:19 Crop Rotation
32:36 Burgundian Vineyards
33:08 Hoardings
32:54 Conscription
37:10 Caravan
37:41 Coinage
37:22 Guilds
37:36 Elite Coustillier
40:55 Sappers
41:52 Chain Barding Armor
41:47 Chain Mail Armor
42:08 Iron Casting
43:23 Chemistry
42:44 Ballistics
42:36 Masonry
42:06 Treadmill Crane
42:37 Fortified Wall
42:32 Husbandry
46:10 Plate Barding Armor
46:05 Plate Mail Armor
46:37 Blast Furnace
45:28 Fletching
48:34 Banking
50:49 Light Cavalry
50:50 Cavalier
51:38 Hussar
lil_luzツ
11:10 Feudal Age
11:48 Double-Bit Axe
11:46 Horse Collar
18:47 Castle Age
19:53 Bow Saw
19:48 Heavy Plow
24:37 Treadmill Crane
24:54 Murder Holes
24:57 Fletching
27:23 Ballistics
28:03 Caravan
30:36 Bodkin Arrow
30:42 Padded Archer Armor
35:04 Leather Archer Armor
38:25 Imperial Age
36:44 Forging
36:35 Scale Mail Armor
37:28 Masonry
40:27 Chemistry
40:05 Iron Casting
39:31 Bracer
39:47 Chain Mail Armor
40:07 Conscription
39:11 Elite Hearth Troop
42:40 Elite Varangian Guard
HoldMyB33rforme
9:41 Loom
11:26 Feudal Age
13:13 Double-Bit Axe
15:40 Castle Age
17:52 Bow Saw
18:52 Husbandry
19:37 Horse Collar
21:33 Bloodlines
22:41 Gold Mining
23:31 Scale Barding Armor
24:55 Wheelbarrow
24:09 Town Watch
25:57 Chain Barding Armor
26:27 Heavy Plow
26:49 Forging
27:46 Hand Cart
28:23 Iron Casting
29:15 Kshatriyas
31:27 Stone Mining
34:43 Imperial Age
36:04 Plate Barding Armor
34:58 Heavy Camel Rider
36:13 Frontier Guards
37:15 Fletching
37:30 Murder Holes
37:47 Masonry
44:30 Conscription
44:46 Hoardings
44:09 Bodkin Arrow
45:29 Crop Rotation
Fatih
9:06 Loom
11:22 Feudal Age
12:54 Double-Bit Axe
13:04 Horse Collar
20:37 Castle Age
21:19 Heavy Plow
22:41 Gold Mining
23:48 Wheelbarrow
24:30 Gold Shaft Mining
24:41 Fletching
24:51 Padded Archer Armor
25:15 Stone Mining
25:51 Husbandry
26:02 Bloodlines
27:43 Hand Cart
27:17 Town Watch
28:11 Stone Shaft Mining
27:35 Bodkin Arrow
27:57 Leather Archer Armor
28:23 Thumb Ring
29:43 Ballistics
30:45 Bow Saw
30:57 Masonry
36:14 Imperial Age
36:21 Forging
36:16 Scale Barding Armor
38:04 Parthian Tactics
37:00 Elite Skirmisher
37:01 Heavy Cavalry Archer
37:45 Bracer
38:53 Chemistry
37:59 Siege Engineers
37:19 Capped Ram
41:02 Light Cavalry
42:22 Iron Casting
42:07 Chain Barding Armor
42:10 Caravan
44:06 Blast Furnace
42:29 Hussar
42:30 Heavy Camel Rider
44:28 Siege Ram
44:33 Heavy Scorpion
47:46 Hoardings
47:12 Nomads
47:34 Conscription
48:11 Elite Mangudai
49:13 Drill
58:51 Town Patrol
58:26 Elite Steppe Lancer
Udy6969
10:12 Loom
11:57 Feudal Age
19:42 Castle Age
19:09 Double-Bit Axe
20:43 Town Watch
21:55 Stone Mining
23:28 Wheelbarrow
23:38 Bow Saw
29:23 Fletching
29:32 Murder Holes
29:57 Scale Barding Armor
30:26 Ballistics
31:10 Bodkin Arrow
31:40 Hand Cart
31:56 Town Patrol
33:20 Gold Mining
33:48 Husbandry
34:27 Chain Barding Armor
34:18 Forging
42:15 Imperial Age
40:24 Iron Casting
42:54 Cavalier
44:12 Plate Barding Armor
44:38 Blast Furnace
44:27 Paladin
47:40 Conscription
50:13 Chivalry
51:33 Light Cavalry
joaqo9909
11:40 Feudal Age
14:54 Loom
17:14 Castle Age
15:30 Horse Collar
15:56 Double-Bit Axe
18:01 Heavy Plow
17:52 Loom
21:48 Bloodlines
22:28 Forging
25:31 Wheelbarrow
25:37 Iron Casting
25:02 Scale Mail Armor
25:23 Bow Saw
31:45 Imperial Age
29:33 Hand Cart
30:23 Scale Barding Armor
30:34 Chain Mail Armor
31:52 Elite Obuch
33:35 Blast Furnace
32:29 Light Cavalry
33:09 Murder Holes
34:50 Plate Mail Armor
36:28 Squires
36:14 Arson
37:53 Crop Rotation
38:02 Winged Hussar
40:10 Lechitic Legacy
40:13 Chain Barding Armor
50:38 Conscription
Connection lost

Rejoining the realm…

Still unreachable

The connection could not be restored.

Session expired

The server has moved on; the page needs a fresh start.